 Dungeon Crawl Stone Soup version 0.30-a0-377-g5cb311bc9f (webtiles) character file.

Game seed: 4970607873813719682

381 KennySheep the Magician (level 7, 0/50 HPs)
             Began as a Djinni Conjurer on Nov 29, 2022.
             Slain by a sky beast (6 damage)
             ... on level 4 of the Dungeon.
             The game lasted 00:15:25 (3680 turns).

KennySheep the Magician (Djinni Conjurer)           Turns: 3680, Time: 00:15:26

Health: 0/50       AC:  2    Str:  5 (6)  XL:     7   Next: 5%
Gold:   118        EV: 12    Int: 24 (27) God:
                   SH:  0    Dex: 10 (11)

rFire   + + .      SeeInvis .    p - +4 dagger "Morg" {pain, Will+ Int+5}
rCold   x . .      Faith    .    (no shield)
rNeg    . . .      Spirit   .    a - +0 robe
rPois   ∞          Reflect  .    (no helmet)
rElec   .          Harm     .    b - scarf {shadows}
rCorr   .          Rampage  .    (no gloves)
Will    +....                    (boots unavailable)
Stlth   ++........               (no amulet)
HPRegen 0.28/turn                (no ring)
MPRegen 0.00/turn                (no ring)

@: flying
A: sickness immunity, fire resistance 2, cold vulnerability 1, float, innate
caster, HP casting, extra vitality 1
a: no special abilities


You were on level 4 of the Dungeon.
You visited 1 branch of the dungeon, and saw 4 of its levels.

You collected 118 gold pieces.

Inventory:

Hand Weapons
 n - a +0 dagger
 p - the +4 dagger "Morg" (weapon) {pain, Will+ Int+5}
   (You found it on level 4 of the Dungeon)

   In the hands of one skilled in necromantic magic, it inflicts extra damage on
   living creatures.
   Your inability to study Necromancy prevents you from drawing on the full
   power of this weapon.
   Int:       It affects your intelligence (+5).
   Will:      It increases your willpower.
Armour
 a - a +0 robe (worn)
 b - a scarf of shadows (worn)
Jewellery
 r - a ring of wizardry
Wands
 m - a wand of paralysis (1)
Scrolls
 c - 2 scrolls of immolation {unknown}
 d - 5 scrolls of identify {unknown}
 e - a scroll of silence {unknown}
 f - a scroll of vulnerability {unknown}
 i - 2 scrolls of teleportation {unknown}
 j - a scroll of amnesia {unknown}
 l - a scroll of brand weapon {unknown}
 q - a scroll of enchant weapon {unknown}
Potions
 g - a potion of brilliance
 k - a potion of haste {unknown}
 o - a potion of might {unknown}
 s - a potion of mutation {unknown}


   Skills:
 + Level 3.5 Fighting
 - Level 2.1 Dodging
 - Level 1.5 Stealth
 * Level 5.3 Spellcasting


You couldn't memorise any spells.
You knew the following spells:

 Your Spells              Type           Power      Damage    Failure   Level
a - Magic Dart            Conj           100%       1d8       1%          1
b - Searing Ray           Conj           64%        2d6       1%          2
c - Dazzling Flash        Conj/Hex       64%        N/A       2%          3
d - Fulminant Prism       Conj/Hex       16%        3d10      10%         4
e - Iskenderun's Mystic   Conj/Tloc      32%        2d8       10%         4
f - Sting                 Tmut/Pois      100%       1d8       1%          1
g - Poisonous Vapours     Pois/Air       64%        N/A       1%          2
h - Summon Guardian Gole  Hex/Summ       32%        N/A       2%          3
Your spell library was empty.

Dungeon Overview and Level Annotations

Branches:
Dungeon (4/15)
 Temple: D:4-7

Altars:
Gozag

Shops:
D:3 [


Innate Abilities, Weirdness & Mutations

You are immune to sickness and miasma.
You are immune to poison.
Your flesh is very heat resistant. (rF++)
You are vulnerable to cold. (rC-)
You float through the air rather than walking.
You learn spells naturally, not from books.
Your magical power is your life essence.
You have superior vitality. (+4 MHP)


Message History

You can't see any susceptible monsters within range! (Use Z to cast anyway.)
A jackal comes into view.
You see here a +0 short sword of holy wrath.
The sting misses the sky beast.
The sting hits the sky beast.
The sky beast is poisoned.
The sky beast is lightly wounded.
The sky beast hits you. The sky beast shocks you.
There is an open door here.
The sting hits the sky beast.
The sky beast looks even sicker.
The sky beast is lightly wounded.
The sky beast hits you. The sky beast shocks you.
The sting hits the sky beast.
The sky beast looks even sicker.
The sky beast is moderately wounded.
The sky beast hits you. The sky beast shocks you.
The sting hits the sky beast.
The sky beast looks as sick as possible!
The sky beast is moderately wounded.
The sky beast hits you. The sky beast shocks you.
* * * LOW HITPOINT WARNING * * *
Casting: Sting (safe; 1% risk of failure)
Confirm with . or Enter, or press ? or * to list all spells.
You erupt in a blast of force!
The mystic blast hits the jackal.
The jackal is heavily wounded.
The jackal is knocked back by the mystic blast.
The mystic blast hits the sky beast.
The sky beast is heavily wounded.
The sky beast is knocked back by the mystic blast.
* * * LOW HITPOINT WARNING * * *
You hear a bark! x2
A jackal comes into view.
The sting hits the sky beast.
The sky beast looks as sick as possible!
The sky beast is almost dead.
* * * LOW HITPOINT WARNING * * *
The sky beast flickers out of sight!
Deactivating autopickup; reactivate with Ctrl-A.
Something hits you.
* * * LOW HITPOINT WARNING * * *
Something shocks you.
You die...

.......##....†...#
#.
.......##....###+#
. .......##....#
.............#
.......##....#
######.##....# .
#.#######.#
#.##......#
#@##.{..##.
#..h)h.....
####....##.
#......# ######.#
.


You could see 2 jackals.

Vanquished Creatures
  A black bear (D:4)
  A gnoll bouda (D:4)
  An iguana (D:4)
  Jessica (D:3)
  Natasha (twice) (D:4)
  A spectral hound (D:4)
  A hound zombie (D:4)
  3 gnolls (D:4)
  2 adders (D:3)
  A hound simulacrum (D:4)
  A spectral adder (D:4)
  An adder skeleton (D:4)
  2 worms (D:3)
  A dart slug (D:1)
  4 orcs
  2 endoplasms (D:1)
  6 giant cockroaches
  2 goblins
  4 hobgoblins
  5 jackals
  2 kobolds (D:1)
  2 quokkas (D:1)
  5 ball pythons
  6 bats
  A quokka skeleton (D:4)
  6 rats
64 creatures vanquished.

Vanquished Creatures (others)
  22 withered plants (D:4)
22 creatures vanquished.

Grand Total: 86 creatures vanquished

Notes
Turn   | Place    | Note
-------+----------+-------------------------------------------
     0 | D:1      | KennySheep the Djinni Conjurer began the quest for the Orb.
     0 | D:1      | KennySheep set off with the following spells memorised:
                  | Magic Dart, Searing Ray, Dazzling Flash, Fulminant Prism,
                  | Iskenderun's Mystic Blast.
     0 | D:1      | Reached XP level 1. HP: 15/15 MP: 0/0
   100 | D:1      | Reached XP level 2. HP: 13/22 MP: 0/0
   197 | D:1      | Reached skill level 1 in Fighting
   383 | D:1      | Reached XP level 3. HP: 21/27 MP: 0/0
   383 | D:1      | Learned a level 1 spell: Sting
   894 | D:2      | Found an opulent altar of Gozag.
  1670 | D:3      | Reached XP level 4. HP: 19/32 MP: 0/0
  1671 | D:3      | Reached skill level 4 in Spellcasting
  1779 | D:3      | Noticed Jessica
  1786 | D:3      | Killed Jessica
  2098 | D:3      | Reached XP level 5. HP: 31/38 MP: 0/0
  2098 | D:3      | Learned a level 2 spell: Poisonous Vapours
  2213 | D:3      | Found Ronleepe's Armour Boutique.
  2387 | D:4      | Noticed Natasha
  2388 | D:4      | Found the +4 dagger "Morg" {pain, Will+ Int+5}
  2414 | D:4      | Killed Natasha
  2732 | D:4      | Noticed Natasha
  2739 | D:4      | Killed Natasha
  2740 | D:4      | Reached XP level 6. HP: 31/45 MP: 0/0
  2981 | D:4      | Reached skill level 5 in Spellcasting
  3123 | D:4      | HP: 2/46 [gnoll/+0 halberd[a gnoll bouda] (6)]
  3359 | D:4      | Noticed a black bear
  3371 | D:4      | Killed a black bear
  3372 | D:4      | Reached XP level 7. HP: 10/50 MP: 0/0
  3372 | D:4      | Learned a level 3 spell: Summon Guardian Golem
  3680 | D:4      | Slain by a sky beast

Illustrated notes

Levels and vault maps discovered:
D:1:      amcnicky_arrival_choice, layout_rooms, wad_floor_pattern_2,
          kennysheep_decorative_pillar, minmay_vboxes
D:2:      layout_basic, basic_altar, serial_curves, eino_curves_01,
          eino_curves_02, eino_curves_03
D:3:      layout_basic, serial_shops, nicolae_shop_hallway_plus, kennysheep_nub,
          minmay_fractal_squares_gapless_5, uniq_jessica
D:4:      layout_basic, kennysheep_minor_cross, minivault_24,
          dilly_guarded_unrand_morg

Skill      XL: |  1  2  3  4  5  6 |
---------------+-------------------+-----
Fighting       | 1 2 3 |  3.5
Spellcasting   | 4 5 |  5.3
Dodging        | |  2.1
Stealth        | |  1.5

Action                   |  1- 3 |  4- 6 |  7- 9 || total
-------------------------+-------+-------+-------++-------
Melee: Unarmed           |       |     1 |       ||     1
 Cast: Magic Dart        |    41 |     9 |       ||    50
       Sting             |    33 |    47 |     9 ||    89
       Searing Ray       |       |     6 |       ||     6
       Poisonous Vapours |       |     7 |       ||     7
       Iskenderun's Myst |       |       |     1 ||     1
  Use: Potion            |       |     5 |       ||     5
Armor: Robe              |     4 |     6 |       ||    10
Dodge: Dodged            |    24 |    32 |       ||    56

Table legend: (Time is in decaauts)
 A = Elapsed time spent in this place.
 B = Non-inter-level travel time spent in this place.
 C = Inter-level travel time spent in this place.
 D = Time resting spent in this place.
 E = Time spent auto-exploring this place.
 F = Levels seen in this place.
 G = Mean time per level.
                   A        B        C        D        E       F      G
               +--------+--------+--------+--------+--------+-----+--------+
         Total |   3679 |   3582 |     97 |    692 |   2446 |   4 |  919.8 |
       Dungeon |   3679 |   3582 |     97 |    692 |   2446 |   4 |  919.8 |
               +--------+--------+--------+--------+--------+-----+--------+

Top non-repeatable levels by time:
     D:4: 1220 daAuts
     D:3: 938 daAuts
     D:1: 829 daAuts
     D:2: 691 daAuts
